 Dungeon Crawl Stone Soup version 0.30.0-29-ga12c61a403 (webtiles) character file.

Game seed: 8458783552864402022

58 hawla the Firebug (level 4, -2/33 HPs)
             Began as a Meteoran Fire Elementalist on June 24, 2023.
             Slain by a gnoll
             ... wielding a +0 flail
              (10 damage)
             ... on level 2 of the Dungeon.
             The game lasted 00:02:30 (206 turns).

hawla the Firebug (Meteoran Fire Elementalist)       Turns: 206, Time: 00:02:31

Health: -2/33      AC:  2    Str: 10    XL:     4   Next: 43%
Magic:  1/10       EV: 12    Int: 18    God:
Gold:   19         SH:  0    Dex: 14    Spells: 2/9 levels left

rFire   . . .        (no weapon)
rCold   . . .        (no shield)
rNeg    . . .        a - +0 robe
rPois   .            (no helmet)
rElec   .            (no cloak)
rCorr   .            (no gloves)
SInv    .            (no boots)
Will    .....        (no amulet)
Stlth   +            (no ring)
HPRegen 0.25/turn    (no ring)
MPRegen 0.12/turn

%: no passive effects
@: glowing
A: sense surroundings 1, otherworldly, glowing, explore regen
a: no special abilities


You were on level 2 of the Dungeon.
You visited 1 branch of the dungeon, and saw 2 of its levels.

You collected 19 gold pieces.

Inventory:

Armour
 a - a +0 robe (worn)
Scrolls
 c - a scroll of magic mapping {unknown}
 d - a scroll of enchant weapon {unknown}
Potions
 b - 2 potions of magic
 e - a potion of heal wounds


   Skills:
 - Level 2.7 Dodging
 - Level 1.4 Stealth
 - Level 3.3 Spellcasting
 + Level 2.4 Conjurations
 - Level 4.7 Fire Magic


You had 2 spell levels left.
You knew the following spells:

 Your Spells              Type           Power      Damage    Failure   Level
a - Foxfire               Conj/Fire      60%        2x1d7     3%          1
b - Scorch                Fire           38%        2d6       3%          2
c - Flame Wave            Conj/Fire      15%        2d7       36%         4

Your spell library contained the following spells:

 Spells                   Type           Power      Damage    Failure   Level
 Inner Flame              Hex/Fire       11%        N/A       19%         3
 Volatile Blastmotes      Fire/Tloc      22%        2d11      19%         3


Dungeon Overview and Level Annotations

Branches:
Dungeon (2/15) Zot: 992

Altars:

Annotations:
D:2 Robin


Innate Abilities, Weirdness & Mutations

You passively map a small area around you.
You are easily found by Zot.
You glow in the dark.
You regain HP and MP as you explore.


Message History

Level annotation: Robin The gnoll shouts!
The gnoll hits you with a +0 flail! The gnoll barely misses you.
The endoplasm hits you but does no damage.
There is a stone staircase leading up, spattered with blood here.
Casting: Foxfire (safe; 4% risk of failure)
Confirm with . or Enter, or press ? or * to list all spells.
The spell is extremely dangerous to miscast (38% risk of failure)!
Continue anyway?
Casting: Flame Wave (extremely dangerous; 38% risk of failure)
Press: ? - help, Dir - look around, f - activate A wave of flame ripples out!
The flame wave engulfs the endoplasm!
You kill the endoplasm!
The flame wave engulfs the gnoll.
The gnoll is lightly wounded. (Press . to intensify the flame waves.)
The gnoll hits you with a +0 flail!
A wave of flame ripples out!
The flame wave engulfs the goblin.
The goblin is severely wounded.
The flame wave engulfs the gnoll!
The gnoll is almost dead.
The flame wave engulfs the gnoll.
The gnoll is moderately wounded.
The gnoll barely misses you. The goblin hits you with a +0 club.
A wave of flame ripples out!
The flame wave engulfs the gnoll.
The gnoll is heavily wounded.
The flame wave engulfs the goblin!
You kill the goblin!
The flame wave engulfs the gnoll.
You kill the gnoll!
The flame wave engulfs the hobgoblin!
You kill the hobgoblin!
The flame wave engulfs the goblin.
The goblin is severely wounded.
The flame wave engulfs the goblin!
You kill the goblin!
You finish channelling waves of flame.
The gnoll hits you with a +0 flail!
* * * LOW HITPOINT WARNING * * *
Your Conjurations skill increases to level 2!
The gnoll hits you with a +0 flail!
You die...

. ..#....... ** * *
..##......... ,
....§.......$ , .,
....§<........ *,,.. ,
, ...#..§......., ,
.... # ....§....... ,**
..... ##.....g.)K.[
####..... #.......)...
#.))....., , *
#...#..gg...##@g......,
.............g)###....
##..............# .#*#*
#......g#####.##### *
#.#.###..g........# ,
.. #..g........# , ..
*#.#.g.......# ,
#..#.gg<.....# ,,
...##.........#


You could see a gnoll and 2 goblins.

Vanquished Creatures
  2 gnolls (D:2)
  3 endoplasms
  A giant cockroach (D:1)
  4 hobgoblins
  A quokka (D:1)
  2 ball pythons (D:1)
  4 bats (D:1)
  2 frilled lizards (D:1)
  10 goblins
  5 kobolds (D:1)
  A rat (D:1)
35 creatures vanquished.

Vanquished Creatures (others)
  70 foxfires
70 creatures vanquished.

Grand Total: 105 creatures vanquished

Notes
Turn   | Place    | Note
-------+----------+-------------------------------------------
     0 | D:1      | hawla the Meteoran Fire Elementalist began the quest for
                  | the Orb.
     0 | D:1      | Reached XP level 1. HP: 14/14 MP: 5/5
    33 | D:1      | Reached skill level 4 in Fire Magic
    33 | D:1      | Reached XP level 2. HP: 20/20 MP: 1/6
    36 | D:1      | Learned a level 2 spell: Scorch
    78 | D:2      | Reached XP level 3. HP: 26/26 MP: 1/8
    81 | D:2      | Noticed Robin
   166 | D:2      | Reached XP level 4. HP: 33/33 MP: 0/10
   173 | D:1      | Learned a level 4 spell: Flame Wave
   206 | D:2      | Slain by a gnoll

Illustrated notes

Levels and vault maps discovered:
D:1:      tekkud_arrival_beachfront_property, layout_rooms
D:2:      layout_rooms, serial_shops, shop, uniq_robin, uniq_crazy_yiuf_cottage

Skill      XL: |  1  2  3  4 |
---------------+-------------+-----
Fire Magic     | 4 |  4.7
Spellcasting   | 3 |  3.3
Conjurations   | 2 |  2.4
Dodging        | |  2.7
Stealth        | |  1.4

Action                     |  1- 3 |  4- 6 || total
---------------------------+-------+-------++-------
  Melee: Unarmed           |     4 |     1 ||     5
   Cast: Foxfire           |    39 |     2 ||    41
         Flame Wave        |       |     1 ||     1
 Armour: Robe              |     7 |     1 ||     8
  Dodge: Dodged            |    16 |     2 ||    18
